 Dungeon Crawl Stone Soup version 0.31.0-11-ge490571c62 (webtiles) character file.

Game seed: 889835507472963148

284 Aldia the Trooper (level 6, -2/48 (63) HPs)
             Began as an Oni Warper on Feb 7, 2024.
             Killed from afar by an orc wizard (7 damage)
             ... with a magic dart
             ... on level 5 of the Dungeon.
             The game lasted 00:06:11 (3625 turns).

Aldia the Trooper (Oni Warper)                      Turns: 3625, Time: 00:06:12

HP:   -2/48 (63)    AC:  3    Str: 18    XL:     6   Next: 29%
MP:   9/9           EV:  9    Int: 14    God:
Gold: 225           SH:  0    Dex:  8    Spells: 4/10 levels left

rFire   . . .        a - +0 mace
rCold   + . .        (no shield)
rNeg    . . .        b - +0 robe
rPois   .            (helmet restricted)
rElec   .            (no cloak)
rCorr   .            (gloves unavailable)
SInv    .            (boots unavailable)
Will    .....        (no amulet)
Stlth   +            s - ring of protection from cold
HPRegen 0.28/turn    (no ring)
MPRegen 0.11/turn

%: no passive effects
@: confused, heavily drained
A: large, unfitting armour, horns 1, tough skin 1, double potion healing,
drunken brawling
a: no special abilities


You were on level 5 of the Dungeon.
You visited 1 branch of the dungeon, and saw 5 of its levels.

You collected 225 gold pieces.

Inventory:

Hand Weapons
 a - a +0 mace (weapon)
Missiles
 d - 7 darts of dispersal (quivered)
 r - 2 poisoned darts
Armour
 b - a +0 robe (worn)
Jewellery
 s - a ring of protection from cold (left hand)
Wands
 n - a wand of polymorph (7)
 t - a wand of mindburst (4)
Scrolls
 c - 2 scrolls of blinking
 h - a scroll of poison
 j - 2 scrolls of teleportation {unknown}
 m - a scroll of enchant armour {unknown}
 u - a scroll of fear {unknown}
Potions
 e - 2 potions of lignification
 f - 2 potions of haste
 g - 2 potions of ambrosia
 i - 4 potions of enlightenment
 k - 2 potions of berserk rage
 l - 3 potions of mutation
 o - 2 potions of heal wounds {unknown}
 p - a potion of cancellation {unknown}
 q - a potion of invisibility {unknown}


   Skills:
 + Level 4.7 Fighting
 * Level 4.7 Maces & Flails
 - Level 1.0 Throwing
 - Level 2.1 Dodging
 - Level 2.5 Spellcasting
 + Level 3.8 Translocations


You had 4 spell levels left.
You knew the following spells:

 Your Spells              Type           Power      Damage    Failure   Level
a - Blink                 Tloc           24%        N/A       7%          2
b - Manifold Assault      Tloc           12%        N/A       41%         4

Your spell library contained the following spells:

 Spells                   Type           Power      Damage    Failure   Level
 Lesser Beckoning         Tloc           24%        N/A       7%          2
 Teleport Other           Tloc           12%        N/A       14%         3
 Static Discharge         Conj/Air       2%         3-4/arc   34%         2
 Iskenderun's Mystic Bla  Conj/Tloc      7%         2d4       71%         4
 Vhi's Electric Charge    Tloc/Air       14%        N/A       71%         4
 Fireball                 Conj/Fire      0%         3d3       99%         5


Dungeon Overview and Level Annotations

Branches:
Dungeon (5/15)
 Temple: D:4-7

Altars:


Innate Abilities, Weirdness & Mutations

You are too large for most types of armour.
You have a pair of small horns on your head.
You have tough skin. (AC +1)
You gain doubled healing and magic from potions.
Whenever you drink a healing potion, you attack all around you.


Message History

You barely miss the orc priest.
The orc priest is moderately wounded.
The orc priest completely misses you.
The orc wizard points at you and mumbles some strange words.
You are confused.
You are too confused!
You are too confused!
You are too confused!
You hit the orc priest.
The orc priest is heavily wounded.
The orc priest hits you but does no damage.
The orc wizard hits you with a +0 dagger.
You closely miss the orc priest.
The orc priest is heavily wounded.
The orc wizard hits you with a +0 dagger.
The orc priest hits you with a +0 dagger.
The orc wizard attacks as it pursues you!
The orc wizard hits you with a +0 dagger.
You barely miss the orc priest.
The orc priest is heavily wounded.
The orc priest invokes the aid of Beogh against you.
Beogh smites you!
The orc wizard hits you with a +0 dagger.
You hit the orc priest. Your headbutt misses the orc priest.
The orc priest is heavily wounded.
The orc priest hits you with a +0 dagger.
* * * LOW HITPOINT WARNING * * *
The orc wizard hits you with a +0 dagger.
* * * LOW HITPOINT WARNING * * *
You barely miss the orc priest.
The orc priest is heavily wounded.
The orc priest hits you with a +0 dagger.
* * * LOW HITPOINT WARNING * * *
The orc wizard points at you and mumbles some strange words.
You resist with some effort.
The orc priest hits you with a +0 dagger.
* * * LOW HITPOINT WARNING * * *
The orc wizard gestures at you while chanting.
The magic dart hits you!
You die...

..................##
............<......#
....##............<#
.................##
......##.#.#......#
.#.....###......#
##....#......##...
#..................
...###@o###........<...
#.....oo##............
#...###.............##
#... ..............
.... .#...... ...#.
.#..... ..## .. .... ..
.. ...# .. ...


You could see an orc priest, an orc wizard and an orc.

Vanquished Creatures
  A jelly (D:4)
  An orc priest (D:2)
  An orc wizard (D:5)
  A sleepcap (D:5)
  A gnoll (D:4)
  7 adders
  A ribbon worm (D:2)
  2 dart slugs (D:1)
  6 orcs
  5 bats
  8 endoplasms
  4 giant cockroaches
  10 goblins
  8 hobgoblins
  8 jackals
  A quokka (D:1)
  7 ball pythons
  4 frilled lizards
  8 kobolds
  4 rats
88 creatures vanquished.

Notes
Turn   | Place    | Note
-------+----------+-------------------------------------------
     0 | D:1      | Aldia the Oni Warper began the quest for the Orb.
     0 | D:1      | Reached XP level 1. HP: 22/22 MP: 3/3
   194 | D:1      | Reached XP level 2. HP: 12/29 MP: 5/5
   400 | D:1      | Learned a level 2 spell: Blink
   571 | D:1      | Reached XP level 3. HP: 37/37 MP: 6/6
   780 | D:2      | Reached XP level 4. HP: 37/45 MP: 7/7
  1424 | D:2      | Got the Book of Assaults
  1523 | D:2      | Reached XP level 5. HP: 54/54 MP: 8/8
  3388 | D:5      | Entered Level 5 of the Dungeon
  3412 | D:4      | Learned a level 4 spell: Manifold Assault
  3518 | D:5      | Reached XP level 6. HP: 46/46 MP: 9/9
  3625 | D:5      | Killed from afar by an orc wizard

Illustrated notes

Levels and vault maps discovered:
D:1:      tekkud_arrival_beachfront_property, layout_basic, minivault_19,
          due_unseen_surprise
D:2:      cheibrodos_pilgrimage, layout_basic, serial_bayou,
          serial_bayou_ford_a, serial_bayou_pond_a, serial_bayou_pond_e,
          serial_bayou_lagoon_a, serial_bayou_lake_a
D:3:      layout_loops_cross
D:4:      layout_loops_ring
D:5:      layout_cave_pools, serial_shops, nicolae_shop_stone,
          nicolae_take_the_stairs, chequers_serial_rivers_room_a

Skill      XL: |  1  2  3  4  5 |
---------------+----------------+-----
Fighting       | 3 4 |  4.7
Translocations | 3 |  3.8
Maces & Flails | 3 4 |  4.7
Throwing       | |  1.0
Dodging        | |  2.1
Spellcasting   | |  2.5

Action                     |  1- 3 |  4- 6 || total
---------------------------+-------+-------++-------
  Melee: Mace              |    59 |   254 ||   313
         Headbutt          |    11 |    40 ||    51
         Punch             |     1 |     3 ||     4
    Use: Scroll            |       |     7 ||     7
         Potion            |       |     1 ||     1
 Armour: Robe              |    53 |   215 ||   268
  Dodge: Dodged            |    28 |   123 ||   151
